Map: [ESL] Solaris

Players

Reynor - Winner!

  • Race: Zerg Zerg
  • Spawn Location: 1:00

Spatz

  • Race: Protoss Protoss
  • Spawn Location: 7:00

Event: ESL SC2 Masters 2023 Winter (Regional)

VOD

Have the link to the VOD?

Description

Time

  • Played on: Oct. 26, 2023, 1:14 p.m.
  • Length: 12:26

All games in this series

Show
View Real Time Build Order
Export as new Build Order

Reynor Zerg - Winner!

Build Orders: Pool First 

Get SALT Encoding   

  12  0:00  Drone  
  13  0:07  Drone  
  13  0:14  Extractor, Drone  
  15  0:30  Spawning Pool  
  14  0:38  Overlord  
  14  0:48  Extractor  
  14  0:49  Drone  
  15  1:07  Hatchery  
  14  1:16  Zergling x4  
  14  1:17  Zergling x2  
  17  1:28  Zergling x2  
  18  1:38  Zergling x2  
  19  1:49  Zergling x2  
  19  1:54  Hatchery  
  19  2:06  Zergling x2  
  19  2:07  Queen  
  22  2:19  Zergling x2  
  23  2:23  Overlord  
  23  2:27  Overlord  
  22  2:44  Drone x2  
  22  2:46  Queen  
  26  2:53  Drone  
  27  3:03  Extractor  
  24  3:06  Drone x2  
  24  3:12  Queen  
  24  3:17  Drone x2  
  28  3:22  Zergling x2  
  28  3:24  Drone  
  30  3:27  Drone  
  30  3:30  Drone  
  32  3:34  Drone  
  32  3:38  Drone  
  34  3:43  Drone  
  35  3:48  Drone  
  35  3:54  Overlord  
  35  3:55  Drone x2  
  38  3:58  Drone  
  38  4:01  Drone  
  40  4:10  Drone  
  40  4:16  Metabolic Boost  
  41  4:20  Drone x3  
  41  4:23  Queen  
  46  4:34  Hatchery  
  46  4:37  Drone x2  
  47  4:39  Drone  
  47  4:40  Overlord  
  48  4:47  Drone  
  48  4:50  Roach Warren  
  48  4:54  Drone  
  48  4:55  Zergling x4  
  48  4:56  Overlord  
  51  5:03  Zergling x2  
  51  5:05  Overlord  
  52  5:14  Zergling x8, Queen  
  52  5:16  Overlord  
  52  5:20  Queen  
  60  5:24  Zergling x2  
  60  5:25  Zergling x4  
  63  5:33  Overlord  
  63  5:38  Roach x5  
  73  5:43  Roach  
  73  5:46  Zergling x2  
  76  5:51  Roach  
  76  5:54  Zergling x4  
  76  5:56  Queen  
  82  5:58  Drone x2, Overlord  
  82  6:06  Roach  
  82  6:09  Drone x2  
  85  6:13  Drone  
  85  6:16  Drone  
  84  6:20  Drone x2  
  84  6:25  Spore Crawler  
  85  6:29  Drone, Spore Crawler  
  85  6:32  Drone  
  86  6:36  Spore Crawler  
  86  6:37  Drone x2  
  86  6:40  Overlord  
  86  6:42  Drone  
  86  6:45  Drone  
  86  6:46  Drone  
  86  6:50  Drone x2  
  86  6:51  Drone  
  86  6:55  Drone x3  
  89  7:01  Extractor, Lair  
  89  7:02  Extractor  
  89  7:06  Drone, Overlord  
  89  7:07  Drone  
  89  7:09  Drone  
  90  7:18  Drone x3  
  90  7:19  Drone  
  90  7:20  Extractor  
  90  7:21  Roach x3  
  99  7:26  Roach x2  
  102  7:30  Overlord  
  102  7:31  Extractor  
  102  7:36  Zergling x12  
  107  7:40  Overlord  
  106  7:45  Spore Crawler  
  105  7:52  Drone x3  
  105  7:55  Overlord  
  109  8:01  Overseer  
  109  8:03  Ravager x3  
  109  8:05  Drone  
  113  8:06  Drone x3  
  113  8:07  Extractor  
  116  8:12  Zergling x2  
  116  8:13  Zergling x8, Glial Reconstitution  
  116  8:18  Drone  
  121  8:20  Evolution Chamber  
  121  8:24  Overlord  
  120  8:31  Overseer  
  120  8:32  Drone x3  
  123  8:34  Drone x4  
  123  8:40  Roach x2, Spire  
  130  8:43  Overlord  
  130  8:45  Ravager x2  
  130  8:46  Roach x2  
  130  8:47  Roach  
  138  8:51  Hatchery  
  137  9:01  Zerg Missile Weapons Level 1  
  137  9:02  Overseer  
  137  9:06  Overlord  
  137  9:07  Overlord  
  137  9:08  Overlord  
  137  9:12  Roach x4  
  144  9:25  Roach x5  
  144  9:26  Overlord  
  144  9:27  Overlord  
  144  9:30  Ravager x4  
  158  9:33  Roach x2  
  158  9:34  Overlord  
  158  9:38  Roach x3  
  168  9:54  Drone x3  
  168  9:56  Roach x8  
  184  10:16  Drone  
  184  10:17  Infestation Pit  
  184  10:20  Mutalisk x4  
  192  10:25  Mutalisk  
  194  10:31  Spine Crawler  
  194  10:32  Spine Crawler x2  
  194  10:33  Ravager  
  194  10:35  Ravager  
  193  10:37  Zergling x12  
  193  10:39  Overlord  
  193  10:40  Overlord x2  
  198  10:56  Ravager x3  
  195  10:57  Ravager  
  195  11:02  Roach x3  
  199  11:07  Zergling x2, Roach x5  
  199  11:08  Zergling x4  
  198  11:16  Roach x6  
  188  11:18  Zergling x4, Roach x2  
  188  11:23  Zergling x6, Roach x2  
  189  11:30  Roach x2  
  189  11:31  Zergling x2, Roach  
  195  11:33  Overlord  
  195  11:34  Ravager  
  195  11:38  Zergling x2, Roach x2  
  194  11:42  Zergling x2  
  187  11:47  Roach x2  
  187  11:50  Extractor x2  
  185  11:54  Ravager  
  185  11:56  Zergling x2, Roach x2  
  185  12:00  Overseer  
  188  12:05  Overlord  
  188  12:06  Roach  
Show
View Real Time Build Order
Export as new Build Order

Spatz Protoss 

Build Orders:  

Get SALT Encoding   

  12  0:01  Probe  
  13  0:13  Pylon  
  13  0:17  Probe (Chrono Boost)  
  14  0:26  Probe (Chrono Boost)  
  15  0:31  Probe (Chrono Boost)  
  16  0:39  Gateway  
  16  0:43  Probe  
  16  0:49  Assimilator  
  17  0:55  Probe  
  18  1:08  Probe  
  19  1:23  Gateway  
  19  1:24  Zealot (Chrono Boost)  
  19  1:27  Cybernetics Core  
  21  1:41  Pylon  
  21  1:43  Zealot  
  23  1:59  Probe  
  24  2:09  Adept (Chrono Boost)  
  24  2:14  Probe  
  29  2:16  Adept (Chrono Boost)  
  29  2:22  Warp Gate  
  29  2:33  Adept  
  31  2:41  Pylon  
  31  3:02  Nexus  
  31  3:04  Probe  
  32  3:12  Adept  
  30  3:16  Probe (Chrono Boost)  
  31  3:20  Assimilator  
  31  3:28  Probe (Chrono Boost)  
  32  3:35  Probe (Chrono Boost)  
  33  3:42  Probe  
  34  3:51  Twilight Council  
  34  3:54  Probe  
  35  4:06  Probe  
  35  4:08  Robotics Facility  
  36  4:14  Probe  
  36  4:15  Gateway  
  37  4:17  Gateway  
  37  4:18  Probe  
  38  4:25  Resonating Glaives (Chrono Boost)  
  38  4:27  Probe  
  38  4:31  Probe  
  40  4:39  Probe  
  40  4:41  Stalker  
  40  4:43  Probe  
  44  4:46  Pylon  
  44  4:47  Adept  
  46  4:53  Warp Prism (Chrono Boost)  
  46  4:59  Probe  
  49  5:01  Probe  
  50  5:09  Adept x2  
  50  5:11  Probe  
  55  5:17  Adept x2  
  60  5:21  Probe  
  60  5:23  Probe  
  60  5:26  Pylon  
  61  5:33  Probe  
  62  5:40  Assimilator  
  62  5:45  Adept x4  
  62  5:49  Pylon  
  70  6:05  Observer (Chrono Boost), Probe  
  70  6:07  Probe  
  67  6:17  Probe  
  68  6:19  Probe  
  68  6:25  Adept x4  
  75  6:29  Probe  
  75  6:30  Nexus  
  75  6:31  Probe  
  77  6:41  Probe  
  77  6:43  Pylon  
  78  6:47  Immortal (Chrono Boost)  
  78  6:48  Probe  
  75  6:55  Probe  
  75  6:57  Pylon x2  
  75  7:00  Probe  
  77  7:05  Robotics Facility, Assimilator  
  77  7:07  Probe, Robotics Bay  
  78  7:12  Probe  
  79  7:19  Probe  
  79  7:21  Immortal  
  79  7:22  Adept  
  86  7:24  Probe  
  87  7:31  Probe  
  87  7:34  Forge  
  87  7:36  Probe  
  89  7:40  Sentry  
  89  7:42  Shield Battery  
  89  7:43  Probe x2  
  91  7:48  Probe  
  90  7:54  Colossus (Chrono Boost)  
  90  7:55  Probe  
  90  7:56  Probe  
  98  8:00  Probe, Colossus (Chrono Boost)  
  98  8:01  Pylon  
  105  8:07  Protoss Ground Weapons Level 1 (Chrono Boost), Probe  
  105  8:08  Probe  
  105  8:12  Assimilator  
  107  8:13  Probe  
  107  8:15  Assimilator  
  107  8:18  Pylon  
  108  8:28  Pylon  
  108  8:30  Extended Thermal Lance, Pylon  
  112  8:50  Immortal (Chrono Boost), Pylon  
  112  8:51  Gateway  
  112  8:54  Gateway  
  110  9:00  Immortal (Chrono Boost), Stalker  
  110  9:01  Stalker x3  
  121  9:14  Gateway  
  121  9:15  Gateway  
  121  9:17  Pylon  
  121  9:18  Pylon  
  121  9:21  Immortal  
  126  9:31  Observer  
  126  9:35  Sentry x2  
  126  9:36  Sentry  
  132  9:41  Pylon  
  132  9:42  Blink (Chrono Boost)  
  128  10:01  Stalker x5  
  128  10:02  Stalker  
  128  10:05  Immortal x2 (Chrono Boost)  
  128  10:07  Pylon x2  
  140  10:10  Pylon  
  148  10:17  Nexus  
  148  10:28  Stalker x6  
  154  10:29  Sentry  
  162  10:37  Pylon  
  162  10:40  Photon Cannon  
  162  10:41  Photon Cannon  
  162  10:42  Stalker  
  161  10:56  Stalker x4  
  163  10:57  Zealot  
  155  11:11  Zealot  
  141  11:15  Stalker x2  
  133  11:21  Photon Cannon  
  133  11:22  Photon Cannon  
  133  11:24  Stalker x3  
  93  11:40  Stalker x3  
  93  11:51  Sentry  
  93  11:52  Sentry x2  
  87  12:14  Stalker  
  87  12:15  Stalker x2  
Tags
 
Add a new tag
Caveats
  • Supply blocks, unpowered buildings, or Contaminate may cause inaccurate times.
  • Supply counts are checked every 10 seconds.